 Dungeon Crawl Stone Soup version 0.24.0-5-g267a8d59f4 (webtiles) character file.

Game seed: 7227579802435245076, levelgen mode: deterministic

29 wullow the Sneak (level 3, -3/33 HPs)
             Began as a Naga Wanderer on Nov 1, 2019.
             Killed from afar by Natasha (9 damage)
             ... with a puff of flame
             ... on level 2 of the Dungeon.
             The game lasted 00:03:56 (1407 turns).

wullow the Sneak (Naga Wanderer)                    Turns: 1407, Time: 00:03:56

Health: -3/33      AC:  2    Str: 12    XL:     3   Next: 16%
Magic:  6/6        EV:  9    Int: 12    God:
Gold:   21         SH:  0    Dex: 13    Spells: 6/6 levels left

rFire    . . .     SeeInvis +   a - +2 spear
rCold    . . .     Gourm    .   (no shield)
rNeg     . . .     Faith    .   d - +0 robe
rPois    +         Spirit   .   (no helmet)
rElec    .         Reflect  .   (no cloak)
rCorr    .         Harm     .   (no gloves)
MR       .....                  (no barding)
Stlth    +++.......             (no amulet)
HPRegen  0.11/turn              (no ring)
MPRegen  0.10/turn              (no ring)

@: slowed, very slow
A: large, see invisible, deformed body, poison resistance, slowness 2, slow
metabolism 1, spit poison 1, AC +1
a: Spit Poison


You were on level 2 of the Dungeon.
You were very hungry.

You visited 1 branch of the dungeon, and saw 2 of its levels.

You collected 21 gold pieces.

Inventory:

Hand Weapons
 a - a +2 spear (weapon)
 b - a +0 falchion
 e - a +0 dagger
 i - a +0 hunting sling
Missiles
 j - 28 stones (quivered)
Armour
 d - a +0 robe (worn)
 g - a +2 pair of gloves
Jewellery
 h - an uncursed ring of ice {unknown}
 q - an uncursed ring of flight {unknown}
Scrolls
 c - a scroll of teleportation
 l - a scroll of magic mapping {unknown}
 n - a scroll of identify {unknown}
 r - a scroll of fear {unknown}
Potions
 k - 2 potions of heal wounds {unknown}
 m - a potion of lignification {unknown}
 o - a potion of cancellation {unknown}
 p - a potion of curing {unknown}
Comestibles
 f - 2 rations


   Skills:
 * Level 2.4 Fighting
 + Level 2.1 Polearms
 + Level 5.0 Stealth
   Level 1.0 Shields
 - Level 2.0 Spellcasting
   Level 1.3 Poison Magic


You had 6 spell levels left.
You didn't know any spells.
Your spell library was empty.

Dungeon Overview and Level Annotations

Branches:
Dungeon (2/15)

Altars:

Annotations:
D:2 Natasha, Terence


Innate Abilities, Weirdness & Mutations

You cannot wear boots.
Your serpentine skin is tough. (AC +1)
You have supernaturally acute eyesight. (SInv)
Armour fits poorly on your strangely shaped body.
Your system is resistant to poisons. (rPois)
You cover ground very slowly.
You have a slow metabolism.
You can spit poison.


Message History

You miss Natasha. Natasha barely misses you.
You hit Natasha but do no damage.
Natasha mumbles some strange words.
You feel troubled.
Natasha stares at you and mumbles some strange words.
The magic dart hits you.
Natasha howls an incantation.
Natasha shimmers violently.
Natasha closely misses you.
You completely miss Natasha.
Natasha mumbles some strange words.
You hit Natasha.
Natasha is lightly wounded.
Natasha zaps a wand.
The puff of flame hits you.
Natasha zaps a wand.
The puff of flame hits you!
* * * LOW HITPOINT WARNING * * *
You hit Natasha.
Natasha is moderately wounded.
Natasha zaps a wand.
The puff of flame hits you!
You die...

#########.#.
#5h......... #@?...# .##
#.###.# ... #.# #.# #.#
..<#.# #.#.#
#####...################
....$...................
########################


You could see Natasha and a white imp.

Vanquished Creatures
  A dart slug (D:1)
  4 bats (D:1)
  4 goblins (D:1)
  2 hobgoblins (D:1)
  4 jackals (D:1)
  2 frilled lizards (D:1)
  5 kobolds
  2 rats (D:1)
24 creatures vanquished.

Notes
Turn   | Place    | Note
-------+----------+-------------------------------------------
     0 | D:1      | wullow the Naga Wanderer began the quest for the Orb.
     0 | D:1      | wullow set off with the following items: a +2 spear, a +0
                  | falchion, a scroll of teleportation, a +0 robe, a +0
                  | dagger, a ration
     0 | D:1      | Reached XP level 1. HP: 19/19 MP: 3/3
   254 | D:1      | Reached XP level 2. HP: 26/26 MP: 5/5
   749 | D:1      | Reached XP level 3. HP: 32/33 MP: 6/6
   907 | D:1      | Reached skill level 5 in Stealth
  1078 | D:2      | Noticed Terence
  1397 | D:2      | Noticed Natasha
  1407 | D:2      | Killed from afar by Natasha

Levels and vault maps discovered:
D:1:      lightli_arrival_statue_moat, layout_basic
D:2:      minmay_skewed_foursquare, layout_basic,
          nicolae_dithmenos_through_a_glass_darkly, lemuel_doored_altar,
          first_ration, minmay_misc_feat_room, nrook_mini_backslash,
          uniq_natasha, uniq_terence

Skill      XL: |  1  2  3 |
---------------+----------+-----
Polearms       | 2 |  2.1
Stealth        | 5 |  5.0
Fighting       | |  2.4
Shields        | |  1.0
Spellcasting   | |  2.0
Poison Magic   | |  1.3

Action                   || total
-------------------------++-------
Melee: Spear             ||    63
 Abil: Spit Poison       ||     6
 Stab: Sleeping          ||     7
Armor: Robe              ||     4
Dodge: Dodged            ||    24
